 Dungeon Crawl Stone Soup version 0.32-a0-450-g080537f31e (webtiles) character file.

Game seed: 14787072390121069398

40 Dittersdorf the Covered (level 3, -2/24 HPs)
             Began as a Gargoyle Fighter on Feb 23, 2024.
             Slain by a gnoll
             ... wielding a +2 flail of protection
              (8 damage)
             ... on level 2 of the Dungeon.
             The game lasted 00:00:43 (951 turns).

Dittersdorf the Covered (Gargoyle Fighter)           Turns: 951, Time: 00:00:44

Health: -2/24      AC: 10    Str: 21    XL:     3   Next: 50%
Magic:  3/3        EV:  9    Int:  8    God:
Gold:   71         SH:  4    Dex:  9    Spells: 2/2 levels left

rFire   . . .        a - +0 flail
rCold   . . .        c - +0 buckler
rNeg    + . .        b - +0 scale mail
rPois   ∞            (no helmet)
rElec   +            (no cloak)
rCorr   .            (no gloves)
SInv    .            (no boots)
Will    .....        (no amulet) Stlth
                     (no ring)
HPRegen 0.24/turn    (no ring)
MPRegen 0.08/turn

%: no passive effects
@: no status effects
A: sickness immunity, AC +3, negative energy resistance 1, electricity
resistance, torment resistance 1, petrification resistance
a: no special abilities


You were on level 2 of the Dungeon.
You visited 1 branch of the dungeon, and saw 2 of its levels.

You collected 71 gold pieces.

Inventory:

Hand Weapons
 a - a +0 flail (weapon)
Armour
 b - a +0 scale mail (worn)
 c - a +0 buckler (worn)
Scrolls
 e - a scroll of fog {unknown}
 f - a scroll of identify {unknown}
 j - a scroll of fear {unknown}
 l - a scroll of enchant weapon {unknown}
Potions
 d - 2 potions of might
 g - a potion of berserk rage {unknown}
 h - a potion of attraction {unknown}
 i - a potion of haste {unknown}
 k - a potion of ambrosia {unknown}
 m - a potion of curing {unknown}


   Skills:
 + Level 3.7 Fighting
 + Level 2.5 Maces & Flails
 + Level 3.7 Armour
 + Level 3.7 Shields


You had 2 spell levels left.
You didn't know any spells.
Your spell library was empty.

Dungeon Overview and Level Annotations

Branches:
Dungeon (2/15)

Altars:


Innate Abilities, Weirdness & Mutations

You are immune to sickness and miasma.
Your stone body is resilient. (AC +3)
You are immune to poison.
You resist negative energy. (rN+)
You are resistant to electric shocks. (rElec)
You are resistant to unholy torment.
You are immune to petrification.


Message History

No target in view!
No target in view!
No target in view!
No target in view!
No target in view!
No target in view!
No target in view!
No target in view!
No target in view!
No target in view!
No target in view!
You now have 71 gold pieces (gained 7).
You open the door.
There is an open door here.
A gnoll comes into view.
It is wielding a +2 flail of protection.
A gnoll is nearby!
A gnoll is nearby!
A gnoll comes into view. It is wielding a +0 flail.
A gnoll comes into view. It is wielding a +0 club.
The gnoll shouts!
A quokka comes into view.
You hit the gnoll but do no damage.
The gnoll hits you with a +2 flail of protection.
You hit the gnoll.
The gnoll is moderately wounded.
The gnoll hits you with a +2 flail of protection. x2
You hit the gnoll.
The gnoll is almost dead.
You block the gnoll's attack.
You closely miss the gnoll.
The gnoll is almost dead.
The gnoll hits you with a +2 flail of protection!
* * * LOW HITPOINT WARNING * * *
You barely miss the gnoll.
The gnoll is almost dead.
The gnoll barely misses you. You block the gnoll's attack.
You barely miss the gnoll.
The gnoll is almost dead.
The gnoll hits you with a +2 flail of protection!
You die...

#>......##..###..###
#.......###.###..# # #.
#.......# #..##..### # . .r
#.......# ##.......# ..#. #.
####...## ##.......# ....##.
#.#..# #........# .......
#.##.# #........#
.......#####.##.###........#
........ggg@................
.........###.##....###+####.
#.....##..##....##.##ß.ß###.
..... ##.......####.....##.
....#######...#..##ß.....ß##
#.............####.........#
.. ....####...###ß.........ß
. .... ##.#...'.....(.....
#.. #..#.###ß.........ß


You could see 3 gnolls.

Vanquished Creatures
  An adder (D:2)
  A dart slug (D:1)
  4 bats
  2 endoplasms (D:1)
  3 giant cockroaches (D:1)
  A goblin (D:1)
  3 hobgoblins (D:1)
  4 kobolds (D:1)
  3 quokkas (D:1)
  2 ball pythons (D:1)
  A frilled lizard (D:1)
  2 rats
27 creatures vanquished.

Notes
Turn   | Place    | Note
-------+----------+-------------------------------------------
     0 | D:1      | Dittersdorf the Gargoyle Fighter began the quest for the
                  | Orb.
     0 | D:1      | Reached XP level 1. HP: 14/14 MP: 1/1
   154 | D:1      | Reached XP level 2. HP: 15/19 MP: 2/2
   389 | D:1      | Reached XP level 3. HP: 23/23 MP: 3/3
   951 | D:2      | Slain by a gnoll

Illustrated notes

Levels and vault maps discovered:
D:1:      grunt_arrival_crossed_arrows, layout_loops_ring, st_stairs_10,
          nicolae_concentric_dashed_squares_mild, chequers_serial_rivers_large_b
D:2:      layout_rooms, dk_noncrumbling_4, minmay_misc_feat_ornament,
          uniq_jessica

Action                     || total
---------------------------++-------
  Melee: Flail             ||    71
 Armour: Scale mail        ||    61
  Dodge: Dodged            ||    26
  Block: Buckler           ||    17

Table legend: (Time is in decaauts)
 A = Elapsed time spent in this place.
 B = Non-inter-level travel time spent in this place.
 C = Inter-level travel time spent in this place.
 D = Time resting spent in this place.
 E = Time spent auto-exploring this place.
 F = Levels seen in this place.
 G = Mean time per level.
                   A        B        C        D        E       F      G
               +--------+--------+--------+--------+--------+-----+--------+
         Total |   1001 |    959 |     42 |      0 |    779 |   2 |  500.5 |
       Dungeon |   1001 |    959 |     42 |      0 |    779 |   2 |  500.5 |
               +--------+--------+--------+--------+--------+-----+--------+

Top non-repeatable levels by time:
     D:1: 843 daAuts
     D:2: 158 daAuts
